 Dungeon Crawl Stone Soup version 0.25-a0-734-g73332aeda9 (webtiles) character file.

Game seed: 16285474817437310210, levelgen mode: deterministic

249 Armakuni the Ruffian (level 5, 0/45 HPs)
             Began as a Troll Wizard on Apr 10, 2020.
             Slain by an adder (5 damage)
             ... on level 4 of the Dungeon.
             The game lasted 00:07:30 (1905 turns).

Armakuni the Ruffian (Troll Wizard)                 Turns: 1905, Time: 00:07:31

Health: 0/45       AC:  6    Str: 14 (15) XL:     5   Next: 86%
Magic:  7/7        EV:  9    Int: 13 (15) God:
Gold:   158        SH:  0    Dex:  6 (8)  Spells: 2/8 levels left

rFire    + . .     SeeInvis +     - Unarmed
rCold    + . .     Gourm    +   (no shield)
rNeg     . . .     Faith    .   q - +0 robe
rPois    +         Spirit   .   b - +0 hat
rElec    +         Reflect  .   (no cloak)
rCorr    +         Harm     .   (gloves unavailable)
MR       .....                  (boots unavailable)
Stlth    +.........             (no amulet)
HPRegen  0.55/turn              I - ring of see invisible
MPRegen  0.10/turn              (no ring)

@: brilliant, lethally poisoned (0 -> 0), resistant
A: large, unfitting armour, claws 3, fast metabolism 3, gourmand, regeneration
1, shaggy fur 1, tough skin 3
a: no special abilities


You were on level 4 of the Dungeon.
You were completely stuffed.

You visited 1 branch of the dungeon, and saw 4 of its levels.

You collected 158 gold pieces.

Inventory:

Missiles
 g - 5 curare-tipped darts (quivered)
 i - 3 javelins
 k - 8 boomerangs
 l - 4 poisoned darts
Armour
 b - a +0 hat (worn)
 q - a +0 robe (worn)
Jewellery
 m - a cursed ring of attention {unknown}
 I - a ring of see invisible (left claw)
Wands
 v - a wand of iceblast (2)
Potions
 e - a potion of degeneration
 n - a potion of invisibility
Comestibles
 a - 8 chunks of flesh
 d - 8 rations


   Skills:
 + Level 3.0 Throwing
 - Level 1.5 Dodging
 - Level 1.0 Stealth
 + Level 4.4 Unarmed Combat
 - Level 2.0 Spellcasting
 - Level 0.6 Conjurations
   Level 0.6 Summonings
 - Level 0.6 Translocations


You had 2 spell levels left.
You knew the following spells:

 Your Spells              Type           Power        Failure   Level  Hunger
b - Blink                 Tloc           N/A          30%         2    None
m - Mephitic Cloud        Conj/Pois/Air  #.......     56%         3    None
z - Magic Dart            Conj           #...         21%         1    None

Your spell library contained the following spells:

 Spells                   Type           Power        Failure   Level  Hunger
 Call Imp                 Summ           #.......     30%         2    None
 Slow                     Hex            #.......     36%         2    None
 Conjure Flame            Conj/Fire      #.......     56%         3    None


Dungeon Overview and Level Annotations

Branches:
Dungeon (4/15)
 Temple: D:4-7

Altars:
Ashenzari
Hepliaklqana
Okawaru
Uskayaw


Innate Abilities, Weirdness & Mutations

You are too large for most types of armour.
You have claws for hands.
Your metabolism is lightning-fast.
You like to eat raw meat.
Your natural rate of healing is unusually fast.
You are covered in fur. (AC +1)
You have extremely tough skin. (AC +3)


Message History

You feel sick. The adder bites you.
* * * LOW HITPOINT WARNING * * *
It was a potion of brilliance.
You feel clever all of a sudden. The adder bites you.
* * * LOW HITPOINT WARNING * * *
It was a potion of magic.
Magic courses through your body. The adder bites you but does no damage.
The adder closely misses you.
It was a potion of resistance.
You feel protected.
You feel sick. The adder barely misses you.
Quiver which item? (- for none, * to show all) (? for menu, Esc to quit)
Quivering
g - 6 curare-tipped darts for throwing.
Throwing (i - inventory. (/) - cycle)
g - 6 curare-tipped darts (quivered)
Press: ? - help, Shift-Dir - straight line, f/p - adder
Aim: an adder (heavily wounded)
You throw a curare-tipped dart.
The curare-tipped dart barely misses the adder.
The adder bites you.
You die...

... ... ..
###.###
...>.(# #.#
..# #.# #S##
#.# #@.#
#.###..#####
#............
#............
#............
#.#...##.###.
#.#...##.##
#.#.......#
#.#...##..#


You could see an adder.

Vanquished Creatures
  An orc wizard (D:3)
  Ijyb (D:3)
  A worker ant (D:2)
  2 gnolls (D:2)
  5 adders
  2 oozes
  A worm (D:2)
  3 dart slugs
  A leopard gecko (D:3)
  12 orcs
  A ball python (D:4)
  6 bats
  5 giant cockroaches
  9 hobgoblins
  10 kobolds
  2 quokkas
  4 frilled lizards
  6 goblins
  7 rats
79 creatures vanquished.

Notes
Turn   | Place    | Note
-------+----------+-------------------------------------------
     0 | D:1      | Armakuni the Troll Wizard began the quest for the Orb.
     0 | D:1      | Reached XP level 1. HP: 16/16 MP: 2/2
    26 | D:1      | Reached skill level 1 in Unarmed Combat
    44 | D:1      | Reached XP level 2. HP: 20/24 MP: 0/4
   114 | D:1      | Reached skill level 2 in Unarmed Combat
   134 | D:1      | Learned a level 2 spell: Blink
   411 | D:1      | Reached XP level 3. HP: 31/31 MP: 5/5
   742 | D:2      | Reached skill level 3 in Unarmed Combat
   762 | D:2      | Reached skill level 1 in Throwing
   848 | D:2      | Reached XP level 4. HP: 25/39 MP: 6/6
   914 | D:2      | Found a shattered altar of Ashenzari.
  1065 | D:2      | Found an iron altar of Okawaru.
  1222 | D:3      | Reached XP level 5. HP: 38/45 MP: 7/7
  1513 | D:3      | Reached skill level 4 in Unarmed Combat
  1651 | D:3      | Found a hazy altar of Hepliaklqana.
  1653 | D:3      | Found a hide-covered altar of Uskayaw.
  1753 | D:3      | Noticed Ijyb
  1766 | D:3      | Killed Ijyb
  1862 | D:4      | Learned a level 3 spell: Mephitic Cloud
  1905 | D:4      | Slain by an adder

Levels and vault maps discovered:
D:1:      dpeg_arrival_refuge, layout_loops_ring
D:2:      layout_rooms, marbit_many_paths, okawaru_altar_gauntlet_db
D:3:      layout_basic, chequers_temple_overflow_statue_of_worship,
          kennysheep_potato, uniq_ijyb
D:4:      layout_basic, minmay_temple_entry_wispy, first_ration

Skill      XL: |  1  2  3  4  5 |
---------------+----------------+-----
Unarmed Combat | 1 2 3 4 |  4.4
Throwing       | 1 2 3 |  3.0
Dodging        | |  1.5
Stealth        | |  1.0
Spellcasting   | |  2.0
Conjurations   | |  0.6
Summonings     | |  0.6
Translocations | |  0.6

Action                   |  1- 3 |  4- 6 || total
-------------------------+-------+-------++-------
Melee: Unarmed           |   109 |   118 ||   227
       Punch             |     1 |       ||     1
Throw: Javelin           |     2 |     9 ||    11
       Boomerang         |     1 |    26 ||    27
       Dart              |       |     2 ||     2
 Cast: Magic Dart        |     2 |       ||     2
  Use: Scroll            |     2 |     2 ||     4
       Potion            |       |     4 ||     4
 Stab: Sleeping          |     1 |     1 ||     2
       Distracted        |       |     1 ||     1
  Eat: Chunk             |    13 |    10 ||    23
Armor: Robe              |    50 |    44 ||    94
Dodge: Dodged            |    44 |    45 ||    89

Table legend:
 A = Non-vault XP
 B = Vault XP
 C = Vault XP percentage of total XP
 D = Non-vault monster count
 E = Vault monster count
 F = Vault count percentage of total count
                 A         B        C        D         E       F
            +---------+---------+-------+---------+---------+-------
      Total |     243 |     113 |  31.7 |      70 |       9 |  11.4
            +---------+---------+-------+---------+---------+-------
        D:1 |      42 |       0 |   0.0 |      24 |       0 |   0.0
        D:2 |      72 |      75 |  51.0 |      17 |       7 |  29.2
        D:3 |      92 |      38 |  29.2 |      21 |       2 |   8.7
        D:4 |      37 |       0 |   0.0 |       8 |       0 |   0.0
            +---------+---------+-------+---------+---------+-------
